 Dungeon Crawl Stone Soup version 0.28-a0-1415-g7c84da036a (webtiles) character file.

Game seed: 7143672593583373987

116 HallandMoats the Skirmisher (level 5, -2/46 HPs)
             Began as a Ghoul Fighter on Jan 7, 2022.
             Was a Believer of Cheibriados.
             Killed from afar by Natasha (6 damage)
             ... with a magic dart
             ... on level 2 of the Dungeon.
             The game lasted 00:01:38 (1478 turns).

HallandMoats the Skirmisher (Ghoul Fighter)         Turns: 1478, Time: 00:01:39

Health: -2/46      AC:  6    Str: 24    XL:     5   Next: 0%
Magic:  4/4        EV: 10    Int:  9    God:    Cheibriados [**....]
Gold:   81         SH:  4    Dex: 12    Spells: 4/4 levels left

rFire   . . .      SeeInvis .   a - +3 mace
rCold   + . .      Faith    .   c - +0 buckler
rNeg    + + +      Spirit   .   b - +0 scale mail
rPois   ∞          Reflect  .   (no helmet)
rElec   .          Harm     .   (no cloak)
rCorr   .          Rampage  .   (no gloves)
Will    .....                   (no boots)
Stlth   ..........              (no amulet)
HPRegen 0.00/turn               (no ring)
MPRegen 0.09/turn               (no ring)

@: inhibited regen, slowed, very slow
A: claws 1, cold resistance 1, negative energy resistance 3, inhibited
regeneration, torment resistance 2
a: Renounce Religion, Bend Time


You were on level 2 of the Dungeon.
You worshipped Cheibriados.
Cheibriados was pleased with you.
You visited 1 branch of the dungeon, and saw 3 of its levels.

You collected 81 gold pieces.

Inventory:

Hand Weapons
 a - a +3 mace (weapon)
Armour
 b - a +0 scale mail (worn)
 c - a +0 buckler (worn)
Scrolls
 f - a scroll of blinking {unknown}
 g - a scroll of amnesia {unknown}
 h - a scroll of teleportation {unknown}
 i - 3 scrolls of enchant weapon {unknown}
 j - a scroll of identify {unknown}
Potions
 d - a potion of might
 e - a potion of attraction {unknown}
 k - a potion of haste {unknown}


   Skills:
 * Level 4.3 Fighting
 + Level 2.3 Maces & Flails
 + Level 3.1 Armour
 + Level 1.2 Dodging
 * Level 3.5 Shields


You had 4 spell levels left.
You didn't know any spells.
Your spell library contained the following spells:

 Spells                   Type           Power      Damage    Failure   Level
 Animate Skeleton         Necr           0%         N/A       78%         1
 Apportation              Tloc           0%         N/A       78%         1
 Summon Small Mammal      Summ           0%         N/A       78%         1


Dungeon Overview and Level Annotations

Branches:
Dungeon (3/15)

Altars:
Cheibriados
Sif Muna

Annotations:
D:2 Natasha


Innate Abilities, Weirdness & Mutations

You thrive by killing the living.
You are immune to poison.
You have sharp fingernails.
Your flesh is cold resistant. (rC+)
You are immune to negative energy. (rN+++)
You do not regenerate when monsters are visible.
You are immune to unholy pain and torment.


Message History

The endoplasm freezes you.
You are frozen.
You resist.
Natasha casts a spell.
Natasha mumbles some strange words.
You block the crimson imp's attack.
Natasha mumbles some strange words.
The crimson imp blinks!
Natasha mumbles some strange words.
Natasha shimmers violently.
The endoplasm closely misses you. The crimson imp hits you.
* * * LOW HITPOINT WARNING * * *
The endoplasm hits you but does no damage.
Natasha closely misses you.
There is a stone staircase leading down here.
The crimson imp closely misses you. The endoplasm closely misses you.
Natasha claws you.
* * * LOW HITPOINT WARNING * * *
You climb downwards.
The crimson imp disappears in a puff of smoke!
The white imp disappears in a puff of smoke!
The adder hisses angrily.
Found a scroll labelled WEHYMO ISTAO.
Found a shimmering blue altar of Sif Muna.
Found a stone staircase leading up.
There is a stone staircase leading up here.
The endoplasm freezes you.
You are frozen.
You resist.
* * * LOW HITPOINT WARNING * * *
Natasha closely misses you. You block the endoplasm's attack.
Natasha claws you.
* * * LOW HITPOINT WARNING * * *
You climb upwards.
There is a stone staircase leading down here.
Natasha barely misses you. You block the endoplasm's attack.
Natasha stares at you and mumbles some strange words.
You resist with some effort. Natasha casts a spell at you.
The magic dart hits you.
You die...

#.#..# ########
#.#..# #......#
#.#..###......#
#.#...........#
#.#..##.......#
#....##....†.##
######.#.>####.#..#
#.......hJ# #..#..#
#.####..#@###.^...#
# ####.#
####.##.####.# .##
#.§h.# #.##.####.#
...##5####
#.......#.# ....#)#
####...##.# ..h..5#
###.##.# ..#...#
#.##.# # ###.#
#.##.# ..# #....#


You could see Natasha and an endoplasm.

Vanquished Creatures
  An orc priest (D:2)
  Natasha (D:2)
  3 adders (D:2)
  2 orcs (D:2)
  4 endoplasms
  2 goblins (D:1)
  3 hobgoblins (D:2)
  2 quokkas
  3 ball pythons
  4 bats
  A frilled lizard (D:2)
  5 kobolds
  4 rats (D:1)
35 creatures vanquished.

Notes
Turn   | Place    | Note
-------+----------+-------------------------------------------
     0 | D:1      | HallandMoats the Ghoul Fighter began the quest for the Orb.
     0 | D:1      | Reached XP level 1. HP: 19/19 MP: 0/0
   250 | D:1      | Reached XP level 2. HP: 26/26 MP: 1/1
   455 | D:1      | Found a faded altar of an unknown god.
   854 | D:1      | Prayed at the altar of an unknown god.
   854 | D:1      | Became a worshipper of Cheibriados the Contemplative
   854 | D:1      | Reached * piety under Cheibriados
   956 | D:2      | Reached XP level 3. HP: 13/33 MP: 2/2
  1207 | D:2      | Noticed Natasha
  1212 | D:2      | Killed Natasha
  1213 | D:2      | Reached skill level 4 in Fighting
  1213 | D:2      | Reached skill level 1 in Dodging
  1213 | D:2      | Reached XP level 4. HP: 40/40 MP: 3/3
  1399 | D:2      | Reached ** piety under Cheibriados
  1446 | D:2      | Reached XP level 5. HP: 45/46 MP: 4/4
  1453 | D:2      | Noticed Natasha
  1474 | D:3      | Found a shimmering blue altar of Sif Muna.
  1478 | D:2      | Killed from afar by Natasha

Illustrated notes

Levels and vault maps discovered:
D:1:      eino_arrival_cavern_d, layout_loops_cross, basic_ecumenical_altar
D:2:      layout_basic, uniq_jessica, uniq_natasha
D:3:      layout_rooms, overflow_temple_1_default,
          chequers_temple_overflow_minitemple, nicolae_sif_muna_condensation,
          serial_shops, nicolae_square_shop

Skill      XL: |  1  2  3 |
---------------+----------+-----
Shields        | 3 |  3.5
Maces & Flails | 2 |  2.3
Fighting       | 4 |  4.3
Armour         | 3 |  3.1
Dodging        | 1 |  1.2

Action                   |  1- 3 |  4- 6 || total
-------------------------+-------+-------++-------
Melee: Flail             |   101 |    23 ||   124
       Mace              |       |    18 ||    18
Armor: Scale mail        |    56 |    18 ||    74
Dodge: Dodged            |    67 |    36 ||   103
Block: Buckler           |    28 |    19 ||    47

Table legend: (Time is in decaauts)
 A = Elapsed time spent in this place.
 B = Non-inter-level travel time spent in this place.
 C = Inter-level travel time spent in this place.
 D = Time resting spent in this place.
 E = Time spent auto-exploring this place.
 F = Levels seen in this place.
 G = Mean time per level.
                   A        B        C        D        E       F      G
               +--------+--------+--------+--------+--------+-----+--------+
         Total |   1677 |   1619 |     58 |      0 |   1237 |   3 |  559.0 |
       Dungeon |   1677 |   1619 |     58 |      0 |   1237 |   3 |  559.0 |
               +--------+--------+--------+--------+--------+-----+--------+

Top non-repeatable levels by time:
     D:1: 881 daAuts
     D:2: 793 daAuts
     D:3: 2 daAuts
